 Dungeon Crawl Stone Soup version 0.29-a0-330-g52719c12eb (webtiles) character file.

Game seed: 14980689631007828709

4 sanka the Insei (level 1, 23/23 HPs)
             Began as a Gnoll Monk on Apr 15, 2022.
             Was a Believer of Elyvilon.
             Quit the game on level 1 of the Dungeon.
             The game lasted 00:00:34 (183 turns).

sanka the Insei (Gnoll Monk)                         Turns: 183, Time: 00:00:34

Health: 23/23      AC:  3    Str: 10    XL:     1   Next: 60%
Magic:  1/1        EV: 14    Int: 15    God:    Elyvilon [**....]
Gold:   0          SH:  0    Dex: 14    Spells: 0/0 levels left

rFire   . . .      SeeInvis .     - Unarmed
rCold   . . .      Faith    .   (no shield)
rNeg    . . .      Spirit   .   a - +0 robe
rPois   .          Reflect  .   e - +0 helmet
rElec   .          Harm     .   (no cloak)
rCorr   .          Rampage  .   (no gloves)
Will    .....                   (no boots)
Stlth   +++.......              (no amulet)
HPRegen 0.07/turn               (no ring)
MPRegen 0.07/turn               c - +6 ring of intelligence

@: no status effects
A: fangs 1, strong nose, distributed training
a: Renounce Religion, Purification, Heal Other


You were on level 1 of the Dungeon.
You worshipped Elyvilon.
Elyvilon was pleased with you.
You visited 1 branch of the dungeon, and saw 1 of its levels.


Innate Abilities, Weirdness & Mutations

You have very sharp teeth.
Your uncanny sense of smell can sniff out nearby items.
Your experience applies equally to all skills.


   Skills:
 + Level 6.4 Fighting
 + Level 0.1 Short Blades
 + Level 0.1 Long Blades
 + Level 0.1 Axes
 + Level 0.1 Maces & Flails
 + Level 0.1 Polearms
 + Level 0.1 Staves
 + Level 0.1 Slings
 + Level 0.1 Bows
 + Level 0.1 Crossbows
 + Level 0.1 Throwing
 + Level 0.1 Armour
 + Level 6.4 Dodging
 + Level 4.0 Stealth
 + Level 0.1 Shields
 + Level 6.4 Unarmed Combat
 + Level 0.1 Spellcasting
 + Level 0.1 Conjurations
 + Level 0.1 Hexes
 + Level 0.1 Summonings
 + Level 0.1 Necromancy
 + Level 0.1 Translocations
 + Level 0.1 Transmutations
 + Level 0.1 Fire Magic
 + Level 0.1 Ice Magic
 + Level 0.1 Air Magic
 + Level 0.1 Earth Magic
 + Level 0.1 Poison Magic
 + Level 0.2 Invocations
 + Level 0.1 Evocations


You couldn't memorise any spells.
You didn't know any spells.
Your spell library was empty.

Inventory:

Armour
 a - a +0 robe (worn)
 e - a +0 helmet (worn)
Jewellery
 c - a +6 ring of intelligence (right hand)
Scrolls
 d - a scroll of enchant armour {unknown}
Potions
 b - a potion of ambrosia

Dungeon Overview and Level Annotations

Branches:
Dungeon (1/15)

Altars:
Elyvilon

▒▒....................▒
▒▒▒▒.................†..▒
▒......∩..∩..∩..∩......▒▒
▒.▒▒..................▒▒
..................▒▒▒▒▒
▒▒....∩..£..∩..♣.▒
▒...............▒
▒▒..............▒
▒▒▒8)....8..∩..g▒▒
▒.£....†.?......▒
▒.▒.............▒
▒..▒♣..∩..∩..8..♣▒ .
▒.▒▒▒▒..▒▒▒▒▒ ▒▒▒.▒ ▒..▒
▒...▒ .... ▒▒.▒▒▒▒ ....
▒.▒▒.▒▒▒ ..£.


There were no monsters in sight!


Message History

You are frozen.
You hit the endoplasm.
You kill the endoplasm!
No target in view!
HP restored.
Found a helmet.
Found a faded altar of an unknown god.
c - a +6 ring of intelligence
d - a scroll labelled QILAFAT CAHAA A ball python comes into view.
Found two stone staircases leading down.
You see here a +0 helmet.
e - a +0 helmet The helpless ball python fails to defend itself.
You punch the ball python!
You kill the ball python!
You see here a ball python corpse.
There is a faded altar of an unknown god here.
You finish putting on your +0 helmet.
Put ring on which hand? (Esc to cancel) < - no ring (left) > - no ring (right)
You feel clever.
c - a +6 ring of intelligence (right hand)
You cannot tell which god this altar belongs to.
Convert to them anyway?
Elyvilon accepts your prayer! Elyvilon welcomes you!
You can now purify yourself.
You can now heal and attempt to pacify others.
Are you sure you want to abandon this character and quit the game? (Confirm with "yes".)

Action                   || total
-------------------------++-------
Melee: Unarmed           ||     6
       Bite              ||     1
 Stab: Sleeping          ||     3
Dodge: Dodged            ||     2

Levels and vault maps discovered:
D:1:      dpeg_arrival_renting, layout_rooms,
          hellmonk_ecumenical_altar_arch_garden

Notes
Turn   | Place    | Note
-------+----------+-------------------------------------------
     0 | D:1      | sanka the Gnoll Monk began the quest for the Orb.
     0 | D:1      | Reached XP level 1. HP: 23/23 MP: 1/1
   144 | D:1      | Found a faded altar of an unknown god.
   182 | D:1      | Prayed at the altar of an unknown god.
   182 | D:1      | Became a worshipper of Elyvilon the Healer
   182 | D:1      | Reached * piety under Elyvilon
   182 | D:1      | Reached ** piety under Elyvilon
   183 | D:1      | Quit the game

Vanquished Creatures
  An endoplasm (D:1)
  A goblin (D:1)
  A ball python (D:1)
  A rat (D:1)
4 creatures vanquished.
